 Dungeon Crawl Stone Soup version 0.30.0-29-ga12c61a403 (webtiles) character file.

Game seed: 6969208147958430054

1044 alumie the Cleaver (level 8, -2/64 HPs)
             Began as a Minotaur Berserker on June 26, 2023.
             Was a Priest of Trog.
             Slain by a sky beast (5 damage)
             ... on level 5 of the Dungeon.
             The game lasted 00:15:55 (4622 turns).

alumie the Cleaver (Minotaur Berserker)             Turns: 4622, Time: 00:15:56

Health: -2/64      AC:  8    Str: 25    XL:     8   Next: 4%
Magic:  0/7        EV: 10    Int:  4    God:    Trog [***...]
Gold:   16         SH:  2    Dex:  9    Spells: 7/7 levels left

rFire   . . .        a - +0 war axe
rCold   . . .        m - +0 buckler
rNeg    . . .        q - +0 scale mail
rPois   .            (helmet restricted)
rElec   .            r - +0 cloak
rCorr   .            v - +0 pair of gloves
SInv    .            (no boots)
Will    +....        z - amulet of guardian spirit Stlth
                     f - ring of willpower
HPRegen 0.30/turn    (no ring)
MPRegen 0.10/turn

%: guardian spirit
@: no status effects
A: horns 2, retaliatory headbutt
a: Renounce Religion, Berserk, Trog's Hand


You were on level 5 of the Dungeon.
You worshipped Trog.
Trog was most pleased with you.
You visited 1 branch of the dungeon, and saw 6 of its levels.

You collected 232 gold pieces.
You spent 216 gold pieces at shops.

Inventory:

Hand Weapons
 a - a +0 war axe (weapon)
 b - a +0 sling
Missiles
 l - a throwing net
 t - 33 stones (quivered)
Armour
 m - a +0 buckler (worn)
 q - a +0 scale mail (worn)
 r - a +0 cloak (worn)
 v - a +0 pair of gloves (worn)
 y - a scarf of resistance
Jewellery
 f - a ring of willpower (left hand)
 z - an amulet of guardian spirit (around neck)
Wands
 i - a wand of paralysis (23)
 s - a wand of quicksilver (5)
 w - a wand of roots (4)
Scrolls
 e - a scroll of fear
 k - a scroll of magic mapping
 u - a scroll of enchant weapon
 A - a scroll of noise {unknown}
 B - a scroll of identify
Potions
 c - 2 potions of haste
 d - 2 potions of ambrosia
 g - a potion of lignification {unknown}
 h - 5 potions of curing
 j - a potion of might {unknown}
 n - 3 potions of heal wounds {unknown}
 o - a potion of degeneration {unknown}
 p - a potion of cancellation {unknown}
 x - a potion of attraction {unknown}


   Skills:
 - Level 3.6 Fighting
 + Level 11.7 Axes
 - Level 2.4 Armour
 - Level 2.1 Dodging


You had 7 spell levels left.
You didn't know any spells.
Your spell library was empty.

Dungeon Overview and Level Annotations

Branches:
Dungeon (6/15)             Temple (0/1) D:6

Altars:

Shops:
D:5 [

Annotations:
D:6 Eustachio


Innate Abilities, Weirdness & Mutations

You have a pair of horns on your head.
You reflexively headbutt those who attack you in melee.


Message History

You feel the effects of Trog's Hand fading.
There is an escape hatch in the ceiling here.
The sky beast hits you but does no damage.
You block the gnoll's attack.
You closely miss the sky beast. The sky beast barely misses you.
The gnoll hits you from afar with a +0 halberd!
You closely miss the sky beast.
The gnoll hits you from afar with a +0 halberd!
The sky beast hits you but does no damage.
You hit the sky beast.
The sky beast is lightly wounded.
The gnoll hits you from afar with a +0 halberd.
The sky beast hits you but does no damage.
You slash the sky beast!
The sky beast is heavily wounded.
Your skin stops crawling.
You feel less strong-willed.
The sky beast hits you but does no damage.
You block the gnoll's attack.
You closely miss the sky beast. You headbutt the sky beast.
The sky beast is severely wounded.
The gnoll completely misses you.
The sky beast hits you but does no damage.
You barely miss the sky beast.
The sky beast is severely wounded.
The sky beast hits you. The sky beast shocks you.
* * * LOW HITPOINT WARNING * * *
The gnoll hits you from afar with a +0 halberd!
* * * LOW HITPOINT WARNING * * *
There is an escape hatch in the ceiling here.
The sky beast hits you.
* * * LOW HITPOINT WARNING * * *
The sky beast shocks you.
* * * LOW HITPOINT WARNING * * *
A mysterious force pulls you upwards. The hatch slams shut behind you.
You hit the sky beast. Your headbutt misses the sky beast.
The sky beast is severely wounded.
The sky beast hits you.
* * * LOW HITPOINT WARNING * * *
The sky beast shocks you.
You die...

#.######.#.#.
######.## #.#.#.#
#.......# ##.#.#.
#.......# #.#.#.#
#.......#####.#.#.
#............#.<.#
#.......###.#.#.#.
#.......# #..#.#.#
#@Y>....# #.#.#.#.
######### #..#.#.#
#.#.#.#. ##.#.#.#
##.#.#. #.#.#.#
##.#.#. #.#.#.#
##.#.#.


You could see a sky beast.

Vanquished Creatures
  Edmund (D:4)
  Duvessa (D:6)
  2 ice beasts
  A phantom (D:6)
  A gnoll sergeant (D:3)
  2 scorpions
  Dowan (D:6)
  A hound (D:5)
  Ijyb (D:3)
  An iguana (D:5)
  An orc wizard (D:3)
  6 gnolls
  8 adders
  An ufetubus (D:5)
  3 dart slugs
  9 orcs
  4 ball pythons
  12 endoplasms
  4 giant cockroaches
  7 goblins
  8 hobgoblins
  8 jackals
  6 quokkas
  11 bats
  3 frilled lizards
  6 kobolds
  5 rats
114 creatures vanquished.

Notes
Turn   | Place    | Note
-------+----------+-------------------------------------------
     0 | D:1      | alumie the Minotaur Berserker began the quest for the Orb.
     0 | D:1      | Reached XP level 1. HP: 19/19 MP: 0/0
    69 | D:1      | Reached skill level 4 in Axes
    90 | D:1      | Reached XP level 2. HP: 12/26 MP: 1/1
   518 | D:1      | Reached skill level 5 in Axes
   597 | D:1      | Reached XP level 3. HP: 30/31 MP: 2/2
   841 | D:2      | Reached ** piety under Trog
  1141 | D:2      | Reached skill level 6 in Axes
  1141 | D:2      | Reached XP level 4. HP: 27/39 MP: 3/3
  1655 | D:2      | Found a faded altar of an unknown god.
  1765 | D:3      | Noticed Ijyb
  1775 | D:3      | Reached *** piety under Trog
  1782 | D:3      | Paralysed by Ijyb for 2 turns
  1788 | D:3      | Killed Ijyb
  1789 | D:3      | Reached skill level 7 in Axes
  1789 | D:3      | Reached XP level 5. HP: 25/45 MP: 4/4
  2114 | D:3      | Found the +5 woodcutter's axe
  2126 | D:3      | Reached skill level 8 in Axes
  2755 | D:4      | Reached XP level 6. HP: 38/51 MP: 5/5
  2824 | D:4      | Noticed Edmund
  2836 | D:4      | Killed Edmund
  2881 | D:4      | Reached skill level 9 in Axes
  3236 | D:5      | Entered Level 5 of the Dungeon
  3275 | D:5      | Noticed an ice beast
  3282 | D:5      | Killed an ice beast
  3283 | D:5      | Reached XP level 7. HP: 37/57 MP: 6/6
  3525 | D:5      | Reached skill level 10 in Axes
  3592 | D:5      | Found Ylanoj's Antique Armour Emporium.
  4187 | D:5      | Bought a glowing scarf for 216 gold pieces
  4216 | D:6      | Noticed Duvessa
  4218 | D:6      | Noticed Dowan
  4226 | D:6      | Killed Duvessa
  4227 | D:6      | Killed Dowan
  4228 | D:6      | Reached skill level 11 in Axes
  4493 | D:6      | Found a staircase to the Ecumenical Temple.
  4585 | D:6      | Noticed Eustachio
  4595 | D:6      | Reached XP level 8. HP: 58/64 MP: 7/7
  4620 | D:6      | HP: 3/64 [sky beast (5)]
  4622 | D:5      | Slain by a sky beast

Illustrated notes

Levels and vault maps discovered:
D:1:      amcnicky_arrival_double_pillar, layout_rooms, chequers_jeans,
          minmay_tetromino_s2
D:2:      layout_loops_ring, shapermc_ecumenical_altar_mp_vishouse
D:3:      layout_rooms, minmay_misc_feat_chi,
          hangedman_abyss_or_decor_lesser_grid, st_stairs_14,
          pf_guarded_unrand_woodcutter, uniq_ijyb
D:4:      layout_cave_pools, uniq_edmund
D:5:      layout_basic, serial_shops, shop
D:6:      layout_rooms, minmay_temple_entry_waves, biasface_ghost_orc_armoury,
          uniq_duvessa, uniq_eustachio

Skill      XL: |  1  2  3  4  5  6  7 |
---------------+----------------------+-----
Axes           | 4 5 6 7 8 9 11 | 11.7
Fighting       | |  3.6
Armour         | |  2.4
Dodging        | |  2.1

Action                     |  1- 3 |  4- 6 |  7- 9 || total
---------------------------+-------+-------+-------++-------
  Melee: Hand axe          |    92 |    60 |       ||   152
         Headbutt          |     6 |    15 |    10 ||    31
         War axe           |       |    54 |    70 ||   124
   Fire: Sling             |       |       |     3 ||     3
 Invoke: Berserk           |       |     2 |     1 ||     3
         Trog's Hand       |       |     1 |     1 ||     2
    Use: Scroll            |     7 |     3 |     1 ||    11
 Armour: Animal skin       |    11 |       |       ||    11
         Leather armour    |    13 |    28 |       ||    41
         Scale mail        |       |    16 |    30 ||    46
  Dodge: Dodged            |    52 |    74 |    45 ||   171
  Block: Buckler           |     4 |    12 |     6 ||    22
